 Dungeon Crawl Stone Soup version 0.31-a0-1074-g0b22e4e0f1 (webtiles) character file.

Game seed: 11717832015146818024

30 grandjackal the Trooper (level 3, -2/37 HPs)
             Began as an Ogre Warper on Nov 29, 2023.
             Slain by Sigmund
             ... wielding a +0 scythe
              (10 damage)
             ... on level 2 of the Dungeon.
             The game lasted 00:01:04 (788 turns).

grandjackal the Trooper (Ogre Warper)                Turns: 788, Time: 00:01:04

Health: -2/37      AC:  3    Str: 15    XL:     3   Next: 18%
Magic:  7/7        EV:  9    Int: 16    God:
Gold:   45         SH:  0    Dex:  8    Spells: 6/8 levels left

rFire   + . .        a - +0 mace
rCold   + . .        (no shield)
rNeg    . . .        b - +0 robe
rPois   +            (helmet restricted)
rElec   +            (no cloak)
rCorr   +            (gloves unavailable)
SInv    .            (boots unavailable)
Will    .....        (no amulet)
Stlth   +            (no ring)
HPRegen 0.26/turn    (no ring)
MPRegen 0.10/turn

%: no passive effects
@: brilliant, resistant
A: large, unfitting armour, tough skin 1
a: no special abilities


You were on level 2 of the Dungeon.
You visited 1 branch of the dungeon, and saw 2 of its levels.

You collected 45 gold pieces.

Inventory:

Hand Weapons
 a - a +0 mace (weapon)
Missiles
 d - 7 darts of dispersal (quivered)
 k - 5 poisoned darts
Armour
 b - a +0 robe (worn)
Scrolls
 c - 2 scrolls of blinking
 f - 2 scrolls of enchant weapon {unknown}
 h - a scroll of fog {unknown}
 j - a scroll of poison {unknown}
 l - a scroll of revelation {unknown}
 m - a scroll of identify {unknown}


   Skills:
 + Level 3.4 Fighting
 - Level 2.0 Maces & Flails
 - Level 1.0 Throwing
 - Level 2.1 Dodging
 + Level 3.0 Spellcasting
 + Level 3.0 Translocations


You had 6 spell levels left.
You knew the following spells:

 Your Spells              Type           Power      Damage    Failure   Level
a - Blink                 Tloc           36%        N/A       8%          2

Your spell library contained the following spells:

 Spells                   Type           Power      Damage    Failure   Level
 Lesser Beckoning         Tloc           36%        N/A       8%          2
 Teleport Other           Tloc           18%        N/A       16%         3
 Manifold Assault         Tloc           18%        N/A       45%         4
 Vhi's Electric Charge    Tloc/Air       22%        N/A       69%         4


Dungeon Overview and Level Annotations

Branches:
Dungeon (2/15)

Altars:

Annotations:
D:2 Sigmund


Innate Abilities, Weirdness & Mutations

You are too large for most types of armour.
You have tough skin. (AC +1)


Message History

Sigmund casts a spell at you. You resist with some effort.
You hit Sigmund but do no damage.
Sigmund is heavily wounded.
The bat closely misses you. Sigmund hits you with a +0 scythe.
You hit Sigmund but do no damage.
Sigmund is heavily wounded.
Sigmund casts a spell at you. The magic dart hits you.
The bat hits you but does no damage.
You hit Sigmund but do no damage. Your punch misses Sigmund.
Sigmund is heavily wounded.
The bat closely misses you. Sigmund casts a spell at you.
You are confused.
Sigmund screams, "Die, monster!"
Sigmund closely misses you.
You hit Sigmund. Your punch misses Sigmund.
Sigmund is severely wounded.
The bat barely misses you.
You miss Sigmund.
Sigmund is severely wounded.
The bat hits you but does no damage. Sigmund hits you with a +0 scythe!
* * * LOW HITPOINT WARNING * * *
You barely miss Sigmund.
Sigmund is severely wounded.
The bat hits you but does no damage. Sigmund gestures at you while chanting.
You resist with some effort.
Sigmund points at you and mumbles some strange words.
You resist with some effort.
You're too confused to move!
The bat hits you but does no damage. Sigmund hits you but does no damage.
You bump into the rock wall.
You feel less confused. The bat hits you but does no damage.
You hit Sigmund but do no damage.
Sigmund is severely wounded.
The bat hits you but does no damage. x2; Sigmund hits you with a +0 scythe!
You die...
Sigmund begins carving another notch in his scythe.

... ..# ... #.#
#### ... ...
.######.##.##
......@b....#
#@#...# #.##..#
#.....# ###...#
#...######
#....†..>#
###..#####......
#...........####
##'#.##.####.#


You could see Sigmund and a bat.

Vanquished Creatures
  A dart slug (D:1)
  A ball python (D:1)
  3 endoplasms (D:1)
  2 goblins (D:1)
  3 hobgoblins (D:1)
  3 jackals (D:2)
  3 kobolds (D:1)
  2 quokkas (D:1)
  A bat (D:1)
  3 frilled lizards (D:1)
  4 rats
26 creatures vanquished.

Notes
Turn   | Place    | Note
-------+----------+-------------------------------------------
     0 | D:1      | grandjackal the Ogre Warper began the quest for the Orb.
     0 | D:1      | Reached XP level 1. HP: 22/22 MP: 3/3
   213 | D:1      | Reached XP level 2. HP: 19/31 MP: 5/5
   264 | D:1      | Learned a level 2 spell: Blink
   524 | D:1      | Reached XP level 3. HP: 37/37 MP: 7/7
   769 | D:2      | Noticed Sigmund
   788 | D:2      | Slain by Sigmund

Illustrated notes

Levels and vault maps discovered:
D:1:      saegor_arrival_simple_c, layout_rooms,
          amcnicky_mini_rare_corridor_liquid
D:2:      minmay_general_purpose_star, layout_basic, uniq_sigmund, uniq_robin

Skill      XL: |  1  2  3 |
---------------+----------+-----
Fighting       | 3 |  3.4
Maces & Flails | 2 |  2.0
Translocations | 3 |  3.0
Spellcasting   | 3 |  3.0
Throwing       | |  1.0
Dodging        | |  2.1

Action                     || total
---------------------------++-------
  Melee: Mace              ||    96
    Use: Potion            ||     3
 Armour: Robe              ||    82
  Dodge: Dodged            ||    61

Table legend: (Time is in decaauts)
 A = Elapsed time spent in this place.
 B = Non-inter-level travel time spent in this place.
 C = Inter-level travel time spent in this place.
 D = Time resting spent in this place.
 E = Time spent auto-exploring this place.
 F = Levels seen in this place.
 G = Mean time per level.
                   A        B        C        D        E       F      G
               +--------+--------+--------+--------+--------+-----+--------+
         Total |    816 |    805 |     11 |    173 |    413 |   2 |  408.0 |
       Dungeon |    816 |    805 |     11 |    173 |    413 |   2 |  408.0 |
               +--------+--------+--------+--------+--------+-----+--------+

Top non-repeatable levels by time:
     D:1: 711 daAuts
     D:2: 104 daAuts
